 Dungeon Crawl Stone Soup version 0.28.0-53-g5a82cb258f (webtiles) character file.

Game seed: 870941545226613531

116 mortz the Sneak (level 5, 0/28 HPs)
             Began as a Kobold Enchanter on July 21, 2022.
             Slain by an endoplasm (2 damage)
             ... on level 2 of the Dungeon.
             The game lasted 00:15:22 (3988 turns).

mortz the Sneak (Kobold Enchanter)                  Turns: 3988, Time: 00:15:23

Health: 0/28       AC:  2    Str:  5    XL:     5   Next: 20%
Magic:  6/9        EV: 15    Int: 19    God:
Gold:   102        SH:  5    Dex: 15    Spells: 8/10 levels left

rFire   . . .      SeeInvis .   a - +1 dagger {short}
rCold   . . .      Faith    .   (no shield)
rNeg    . . .      Spirit   .   b - +0 robe
rPois   .          Reflect  +   (no helmet)
rElec   .          Harm     .   (no cloak)
rCorr   .          Rampage  .   (no gloves)
Will    .....                   (no boots)
Stlth   ++++......              d - amulet of reflection
HPRegen 0.09/turn               (no ring)
MPRegen 0.11/turn               (no ring)

@: no status effects
A: small, no large weapons, nightstalker 3
a: no special abilities


You were on level 2 of the Dungeon.
You visited 1 branch of the dungeon, and saw 3 of its levels.

You collected 102 gold pieces.


Innate Abilities, Weirdness & Mutations

You are small and have problems with some larger weapons.
You are completely attuned to the shadows.


   Skills:
 + Level 1.5 Short Blades
 + Level 2.6 Dodging
 + Level 6.1 Stealth
 + Level 3.2 Spellcasting
 + Level 3.4 Hexes
 + Level 0.3 Ice Magic


You had 8 spell levels left.
You knew the following spells:

 Your Spells              Type           Power      Damage    Failure   Level
a - Ensorcelled Hibernat  Hex/Ice        20%        N/A       11%         2

Your spell library contained the following spells:

 Spells                   Type           Power      Damage    Failure   Level
 Confusing Touch          Hex            16%        N/A       11%         3
 Tukima's Dance           Hex            16%        N/A       11%         3
 Dazzling Flash           Conj/Hex       18%        N/A       22%         3

Inventory:

Hand Weapons
 a - a +1 dagger (weapon) {short}
 h - a +0 short sword {short}
   (You took it off a kobold on level 2 of the Dungeon)
 l - a +0 hand axe {axe}
   (You found it on level 1 of the Dungeon)
 n - a +0 war axe {axe}
   (You took it off a gnoll on level 2 of the Dungeon)
 p - a +1 long sword of holy wrath {long}
   (You found it on level 2 of the Dungeon)
 r - a +0 vorpal mace {mace}
   (You took it off Terence on level 1 of the Dungeon)
 s - a +0 spear {polearm}
   (You took it off a gnoll on level 2 of the Dungeon)
Missiles
 f - 96 stones (quivered) {throwing}
 g - 17 arrows
 k - 4 poisoned darts {throwing}
 m - 6 boomerangs {throwing}
Armour
 b - a +0 robe (worn)
 e - a +0 leather armour
   (You found it on level 1 of the Dungeon)
Jewellery
 d - an amulet of reflection (around neck)
   (You found it on level 1 of the Dungeon)
Potions
 c - a potion of invisibility
 i - a potion of might
 j - a potion of flight {unknown}
 o - a potion of attraction {unknown}
 q - a potion of magic {unknown}

Dungeon Overview and Level Annotations

Branches:
Dungeon (3/15)

Altars:

Annotations:
D:3 exclusion: orc, Grinder, Sigmund

##### #...# ######
##...##########....#
#....'........#....####
#....#........'....'...
#....#....###'#....####
#....#.##.##......##
#....#o##.##......#####
#.####@J...'......'....
#.# ####'##......#####
#.# #...........# #.#
#)..........# #.#
#.......##### #.#
#.......######### #.#
#.......#<รท...... #.#
#.......#####.... #.#
###'###.....'....


You could see an orc and an endoplasm.


Message History

The orc looks drowsy... ๐Ÿ˜• MP[-2]
You lost 2 mp, and now have 3/9 mp.
The helpless orc fails to defend itself.
You impale the orc!!
You kill the orc!
Casting: Ensorcelled Hibernation (safe; 11% risk of failure)
Confirm with . or Enter, or press ? or * to list all spells.
Aiming: Ensorcelled Hibernation (safe; 11% risk of failure)
Press: ? - help, Shift-Dir - straight line, f - endoplasm
Aim: an endoplasm (chance to affect: 62%)
The endoplasm resists with significant effort.
The endoplasm freezes you.
You are frozen. ๐Ÿ˜• HP[-2] MP[-2]
You take 2 damage, and now have 24/28 hp.
You lost 2 mp, and now have 1/9 mp.
The endoplasm closely misses you. ๐Ÿ˜• MP[+1] ๐Ÿ˜• HP[+1]
There is a stone staircase leading up here.
You climb upwards.
There is a stone staircase leading down here. ๐Ÿ˜• MP[+1] Done exploring. ๐Ÿ˜Ž HP[+3] MP[+6]
Your hp is fully restored (28).
Your mp is fully restored (9).
Done exploring.
Blink to where?
Press: ? - help, Dir - move target, f - you Are you sure you want to cancel this blink?
Okay, then.
As you read the scroll labelled NUOSEL BEOSTYI, it crumbles to dust.
It was a scroll of blinking.
There is a stone staircase leading down here.
You climb downwards.
Level annotation: exclusion: orc, Grinder, Sigmund The endoplasm freezes you.
You are frozen.
The orc hits you with a +0 dagger. The endoplasm freezes you.
You are frozen.
The orc misses you.
There is a stone staircase leading up here. ๐Ÿ˜• HP[-5]
You take 5 damage, and now have 23/28 hp.
Casting: Ensorcelled Hibernation (safe; 11% risk of failure)
Confirm with . or Enter, or press ? or * to list all spells.
Aiming: Ensorcelled Hibernation (safe; 11% risk of failure)
Press: ? - help, Shift-Dir - straight line, f - endoplasm
Aim: an endoplasm (chance to affect: 62%)
The endoplasm resists with significant effort.
The endoplasm freezes you.
You are frozen.
The orc misses you. ๐Ÿ˜ฎ HP[-5] MP[-2]
You take 5 damage, and now have 18/28 hp.
You lost 2 mp, and now have 7/9 mp.
The endoplasm hits you. The orc closely misses you.
You climb upwards.
There is a stone staircase leading down here. ๐Ÿ˜ฎ HP[-1]
You take 1 damage, and now have 17/28 hp.
You barely miss the orc. The endoplasm freezes you.
You are frozen.
* * * LOW HITPOINT WARNING * * *
The orc barely misses you. ๐Ÿ˜จ HP[-4]
You take 4 damage, and now have 13/28 hp.
You hit the orc. The endoplasm hits you.
* * * LOW HITPOINT WARNING * * *
The orc hits you with a +0 dagger.
* * * LOW HITPOINT WARNING * * *
๐Ÿ˜จ HP[-4]
You take 4 damage, and now have 9/28 hp.
You closely miss the orc. The endoplasm freezes you.
You are frozen.
* * * LOW HITPOINT WARNING * * *
The orc closely misses you. ๐Ÿ˜ฑ HP[-4]
You take 4 damage, and now have 5/28 hp.
You hit the orc. The endoplasm freezes you.
You are frozen.
* * * LOW HITPOINT WARNING * * *
The orc hits you with a +0 dagger.
* * * LOW HITPOINT WARNING * * *
๐Ÿ˜ฑ HP[-3]
You take 3 damage, and now have 2/28 hp.
Casting: Ensorcelled Hibernation (safe; 11% risk of failure)
Confirm with . or Enter, or press ? or * to list all spells.
Aiming: Ensorcelled Hibernation (safe; 11% risk of failure)
Press: ? - help, Shift-Dir - straight line, f - orc
Aim: an orc, wielding a +0 dagger (heavily wounded, chance to affect: 62%)
The orc looks drowsy...
The endoplasm barely misses you. ๐Ÿ˜ฑ MP[-2]
You lost 2 mp, and now have 5/9 mp.
You hit the endoplasm.
The orc shouts!
The endoplasm hits you.
You die...

Skill      XL: |  1  2  3  4 |
---------------+-------------+-----
Stealth        | 5 6 |  6.1
Spellcasting   | 3 |  3.2
Short Blades   | |  1.5
Dodging        | |  2.6
Hexes          | |  3.4
Ice Magic      | |  0.3

Action                   |  1- 3 |  4- 6 || total
-------------------------+-------+-------++-------
Melee: Dagger            |    72 |    20 ||    92
 Cast: Ensorcelled Hiber |    17 |    20 ||    37
  Use: Scroll            |     1 |     1 ||     2
 Stab: Sleeping          |    24 |    10 ||    34
Armor: Robe              |     2 |     1 ||     3
Dodge: Dodged            |    22 |    19 ||    41
Block: Other             |    15 |     6 ||    21

Levels and vault maps discovered:
D:1:      scummos_arrival_hexagon, layout_basic,
          chequers_ecumenical_altar_island, moated_statue
D:2:      layout_basic, uniq_terence
D:3:      layout_basic, serial_shops, nicolae_shop_waterfront, uniq_grinder,
          uniq_sigmund

Notes
Turn   | Place    | Note
-------+----------+-------------------------------------------
     0 | D:1      | mortz the Kobold Enchanter began the quest for the Orb.
     0 | D:1      | Reached XP level 1. HP: 10/10 MP: 3/3
     0 | D:1      | magus.rc [v1.9.6]
   391 | D:1      | HP: 2/10 [hobgoblin (1)]
   427 | D:1      | Reached XP level 2. HP: 5/15 MP: 5/5
   651 | D:1      | Found a faded altar of an unknown god.
   707 | D:1      | Learned a level 2 spell: Ensorcelled Hibernation
  1428 | D:2      | Reached XP level 3. HP: 15/19 MP: 1/6
  1710 | D:2      | Reached skill level 5 in Stealth
  2148 | D:2      | Reached XP level 4. HP: 10/24 MP: 2/7
  2874 | D:2      | Noticed Terence
  2949 | D:1      | Killed Terence
  2950 | D:1      | Reached skill level 3 in Spellcasting
  3111 | D:2      | Reached skill level 6 in Stealth
  3111 | D:2      | Reached XP level 5. HP: 28/28 MP: 6/9
  3789 | D:3      | Noticed Sigmund
  3811 | D:3      | Noticed Grinder
  3985 | D:2      | HP: 5/28 [frozen (4)]
  3986 | D:2      | HP: 2/28 [orc/+0 dagger (2)]
  3988 | D:2      | Slain by an endoplasm

Vanquished Creatures
  Terence (D:1)
  4 gnolls (D:2)
  An adder (D:2)
  2 orcs (D:3)
  4 endoplasms
  4 goblins
  5 hobgoblins
  4 kobolds
  2 quokkas (D:1)
  7 ball pythons
  5 bats
  A frilled lizard (D:2)
  2 rats (D:2)
42 creatures vanquished.

Table legend:
 A = Non-vault XP
 B = Vault XP
 C = Vault XP percentage of total XP
 D = Non-vault monster count
 E = Vault monster count
 F = Vault count percentage of total count
                 A         B        C        D         E       F
            +---------+---------+-------+---------+---------+-------
      Total |     130 |      36 |  21.7 |      41 |       1 |   2.4
            +---------+---------+-------+---------+---------+-------
        D:1 |      21 |      36 |  63.2 |      14 |       1 |   6.7
        D:2 |      99 |       0 |   0.0 |      23 |       0 |   0.0
        D:3 |      10 |       0 |   0.0 |       4 |       0 |   0.0
            +---------+---------+-------+---------+---------+-------

Illustrated notes

Table legend:
 A = Kills in this place as a percentage of kills in entire the game.
 B = Kills by you in this place as a percentage of kills by you in the entire game.
 C = Kills by friends in this place as a percentage of kills by friends in the entire game.
 D = Other kills in this place as a percentage of other kills in the entire game.
 E = Experience gained in this place as a percentage of experience gained in the entire game.
 F = Experience gained in this place divided by the number of levels of this place that you have seen.
                   A       B       C       D       E      F
               +-------+-------+-------+-------+-------+----------------------
         Total | 100.0 | 100.0 |   N/A |   N/A | 100.0 |  55.3
       Dungeon | 100.0 | 100.0 |   N/A |   N/A | 100.0 |  55.3
               +-------+-------+-------+-------+-------+----------------------

Table legend: (Time is in decaauts)
 A = Elapsed time spent in this place.
 B = Non-inter-level travel time spent in this place.
 C = Inter-level travel time spent in this place.
 D = Time resting spent in this place.
 E = Time spent auto-exploring this place.
 F = Levels seen in this place.
 G = Mean time per level.
                   A        B        C        D        E       F      G
               +--------+--------+--------+--------+--------+-----+--------+
         Total |   3995 |   3648 |    347 |     13 |   2946 |   3 | 1331.7 |
       Dungeon |   3995 |   3648 |    347 |     13 |   2946 |   3 | 1331.7 |
               +--------+--------+--------+--------+--------+-----+--------+

Top non-repeatable levels by time:
     D:2: 2202 daAuts
     D:1: 1518 daAuts
     D:3: 273 daAuts
